 Dungeon Crawl Stone Soup version 0.30-a0-808-g6e0788376e (webtiles) character file.

Game seed: 17606297196164420211

337180 Monkooky the Marksdemigod (level 19, -3/170 (172) HPs)
             Began as a Demigod Hunter on Feb 26, 2023.
             Killed by divine providence
             ... invoked by a living spell
             ... summoned by a walking divine tome
              (12 damage)
             ... on level 3 of the Depths on Feb 27, 2023.
             The game lasted 02:08:55 (39447 turns).

Monkooky the Marksdemigod (Demigod Hunter)         Turns: 39447, Time: 02:08:56

HP:   -3/170 (172)  AC: 29    Str: 18    XL:     19   Next: 81%
MP:   24/31         EV: 34    Int: 14    God:
Gold: 4388          SH: 27    Dex: 47    Spells: 11/28 levels left

rFire   + + .      SeeInvis +    K - +5 hand crossbow (drain)
rCold   + + .      Faith    .    I - +2 shield of Resistance {rF++ rC++ Will++}
rNeg    . . .      Spirit   .    D - +6 swamp dragon scales
rPois   +          Reflect  +    Y - +2 helmet {Int+3}
rElec   .          Harm     .    f - +2 cloak
rCorr   .          Rampage  .    U - +1 pair of gloves "Put-Me-On" {Dex+4}
Will    +++..                    m - +2 pair of boots
Stlth   +++++                    G - amulet of Leytwesius {Reflect Str+6 SH+5}
HPRegen 0.48/turn                d - ring of Law {EV+5 Dex+2}
MPRegen 0.22/turn                P - ring of see invisible

@: very slightly contaminated, studying 2 skills, lightly drained
A: high MP 1, forlorn, divine attributes, MP-powered wands
}: 3/15 runes: decaying, slimy, gossamer
a: no special abilities


You were on level 3 of the Depths.
You visited 8 branches of the dungeon, and saw 41 of its levels.
You visited 1 bazaar.
You also visited: Gauntlet.

You collected 5249 gold pieces.
You spent 861 gold pieces at shops.

Inventory:

Hand Weapons
 K - a +5 hand crossbow of draining (weapon)
Missiles
 E - 8 curare-tipped darts
Armour
 f - a +2 cloak (worn)
 m - a +2 pair of boots (worn)
 D - +6 swamp dragon scales (worn)
 I - the +2 shield of Resistance (worn) {rF++ rC++ Will++}
   (You found it on level 14 of the Dungeon)

   rF:        It greatly protects you from fire.
   rC:        It greatly protects you from cold.
   Will:      It greatly increases your willpower.
 U - the +1 pair of gloves "Put-Me-On" (worn) {Dex+4}
   (You found it on level 15 of the Dungeon)

   Dex:       It affects your dexterity (+4).
 Y - a +2 helmet of intelligence (worn)
Jewellery
 d - the ring of Law (left hand) {EV+5 Dex+2}
   (You took it off a deep elf master archer on level 3 of the Elven Halls)

   [ring of evasion]

   EV:        It affects your evasion (+5).
   Dex:       It affects your dexterity (+2).
 n - a +4 ring of slaying
 o - the amulet "Eryganom" {*Slow rPois Regen+ SInv}
   (You bought it in a shop on level 2 of the Orcish Mines)

   [amulet of regeneration]

   rPois:     It protects you from poison.
   SInv:      It lets you see invisible.
   Regen:     It increases your rate of health regeneration.
   *Slow:     It may slow you when you take damage.
 G - the amulet of Leytwesius (around neck) {Reflect Str+6 SH+5}
   (You took it off a deep elf demonologist on level 3 of the Elven Halls)

   [amulet of reflection]

   It reflects blocked missile attacks.
   Str:       It affects your strength (+6).
   SH:        It affects your SH (+5).
 H - a +4 ring of protection
 L - the ring of Liluott {Fire *Corrode Will+ Int+2 Slay+3}
   (You found it on level 4 of the Lair of Beasts)

   [ring of fire]

   It enhances your fire magic.
   Int:       It affects your intelligence (+2).
   Slay:      It affects your accuracy & damage with ranged weapons and melee
   (+3).
   rF:        It protects you from fire.
   rC:        It makes you vulnerable to cold.
   *Corrode:  It may corrode you when you take damage.
   Will:      It increases your willpower.
 N - a ring of resist corrosion
 P - a ring of see invisible (right hand)
 V - a ring of magical power
 X - a ring of flight
 Z - the ring "Jokeur" {*Slow rF+++ rN+++ Dex+6}
   (You found it on level 5 of the Pits of Slime)

   [ring of dexterity]

   Dex:       It affects your dexterity (+6).
   rF:        It renders you almost immune to fire.
   rN:        It renders you almost immune to negative energy.
   *Slow:     It may slow you when you take damage.
Wands
 a - a wand of paralysis (34)
 b - a wand of digging (12)
 c - a wand of quicksilver (17)
 w - a wand of flame (73)
 B - a wand of mindburst (11)
 S - a wand of roots (19)
Scrolls
 e - 14 scrolls of teleportation
 g - 7 scrolls of fog
 j - 4 scrolls of summoning
 q - 7 scrolls of vulnerability
 s - 2 scrolls of torment
 u - 2 scrolls of amnesia
 y - 6 scrolls of blinking
 z - 2 scrolls of fear
 M - 3 scrolls of magic mapping
 W - 9 scrolls of poison
Potions
 h - 6 potions of magic
 k - 15 potions of curing
 p - 7 potions of might
 r - a potion of invisibility
 t - 3 potions of cancellation
 v - 3 potions of brilliance
 x - 4 potions of heal wounds
 A - 5 potions of berserk rage
 C - 9 potions of lignification
 F - 6 potions of haste
 J - 3 potions of flight
 O - 4 potions of resistance
 Q - a potion of mutation
 R - 7 potions of ambrosia
Miscellaneous
 i - a lightning rod (4/4)
 T - a condenser vane


   Skills:
 - Level 15.8 Fighting
 - Level 18.9 Ranged Weapons
 - Level 11.7 Armour
 - Level 11.6 Dodging
 - Level 7.0 Stealth
 - Level 14.0 Shields
 - Level 5.4 Spellcasting
 - Level 7.0 Conjurations
 - Level 6.5 Hexes
 * Level 14.5 Transmutations
 - Level 1.9 Earth Magic
 - Level 9.3 Evocations


You had 11 spell levels left.
You knew the following spells:

 Your Spells              Type           Power      Damage    Failure   Level
a - Yara's Violent Unrav  Hex/Tmut       16%        3d8       17%         5
b - Wereblood             Tmut           44%        N/A       1%          2
c - Passwall              Tmut/Erth      21%        N/A       2%          2
d - Irradiate             Conj/Tmut      17%        3d17      16%         5
e - Apportation           Tloc           6%         N/A       43%         1
f - Blink                 Tloc           6%         N/A       58%         2

Your spell library contained the following spells:

 Spells                   Type           Power      Damage    Failure   Level
 Magic Dart               Conj           92%        1d7       2%          1
 Slow                     Hex            88%        N/A       3%          1
 Blade Hands              Tmut           22%        N/A       3%          5
 Spider Form              Tmut/Pois      24%        N/A       8%          3
 Confusing Touch          Hex            22%        N/A       10%         3
 Kiss of Death            Conj/Necr      52%        2d9       12%         1
 Momentum Strike          Conj/Tloc      26%        3d8       17%         2
 Ensorcelled Hibernation  Hex/Ice        26%        N/A       19%         2
 Summon Guardian Golem    Hex/Summ       13%        N/A       36%         3
 Necrotise                Necr           12%        1d4       43%         1
 Summon Small Mammal      Summ           12%        N/A       43%         1
 Mephitic Cloud           Conj/Pois/Air  10%        N/A       50%         3
 Alistair's Intoxication  Tmut/Pois      16%        N/A       56%         5
 Call Imp                 Summ           3%         N/A       58%         2
 Cigotuvi's Dreadful Rot  Necr/Pois/Air  6%         N/A       58%         2
 Lesser Beckoning         Tloc           6%         N/A       58%         2
 Poisonous Vapours        Pois/Air       6%         N/A       58%         2
 Scorch                   Fire           6%         2d5       58%         2
 Sublimation of Blood     Necr           3%         N/A       58%         2
 Iskenderun's Battlesphe  Conj           23%        2d8       58%         5
 Dragon Form              Tmut           22%        N/A       71%         7
 Flame Wave               Conj/Fire      13%        2d6       75%         4
 Anguish                  Hex/Necr       6%         N/A       77%         4
 Gell's Gravitas          Tloc           3%         N/A       82%         3
 Swiftness                Air            3%         N/A       82%         3
 Teleport Other           Tloc           3%         N/A       82%         3
 Vampiric Draining        Necr           3%         2d6       82%         3
 Vhi's Electric Charge    Tloc/Air       6%         N/A       82%         3
 Animate Armour           Summ/Erth      12%        N/A       97%         4
 Arcjolt                  Conj/Air       6%         1d16      97%         5
 Fireball                 Conj/Fire      6%         3d5       97%         5
 Summon Mana Viper        Hex/Summ       13%        N/A       98%         5
 Eringya's Noxious Bog    Tmut/Pois      12%        N/A       98%         6
 Dispel Undead            Necr           3%         3d7       99%         4
 Summon Ice Beast         Ice/Summ       3%         N/A       99%         4
 Borgnjor's Vile Clutch   Necr/Erth      3%         N/A       100%        5
 Summon Forest            Summ/Tloc      1%         N/A       100%        5
 Conjure Ball Lightning   Conj/Air       6%         3x3d6     100%        6
 Iron Shot                Conj/Erth      8%         9d3       100%        6
 Summon Cactus Giant      Summ           1%         N/A       100%        6
 Enfeeble                 Hex            11%        N/A       100%        7
 Monstrous Menagerie      Summ           1%         N/A       100%        7
 Orb of Destruction       Conj           11%        9d6       100%        7
 Spellforged Servitor     Conj/Summ      6%         N/A       100%        7
 Summon Hydra             Summ           1%         N/A       100%        7
 Maxwell's Capacitive Co  Air            1%         ∞         100%        8
 Chain Lightning          Conj/Air       6%         3d8       100%        9


Dungeon Overview and Level Annotations

Branches:
Dungeon (15/15)            Temple (0/1) D:6            Lair (5/5) D:9
  Swamp (4/4) Lair:3       Spider (4/4) Lair:2        Slime (5/5) Lair:5
    Orc (2/2) D:11            Elf (3/3) Orc:2        Vaults (0/5) D:14
 Depths (3/4) D:15        Gauntlet (visited)

Shops:
Orc:2 =:(*   Elf:1 (   Elf:2 :   Depths:1 (![!

Portals:
Hell: Depths:1 Depths:2 Depths:3
Abyss: Depths:3
Pandemonium: Depths:2
Ziggurat: Depths:1
Trove: Elf:1 (give 7 potions of haste)

Annotations:
D:5 exclusion: downstairs
D:13 3 runed translucent doors, juan097's ghost, adept GnFi
Elf:2 3 runed translucent doors
Depths:2 2 transporters


Innate Abilities, Weirdness & Mutations

You have an increased reservoir of magic. (+10% MP)
You shall have no god before yourself.
Your divine heritage dramatically boosts your attributes as you level up.
You expend magic power (3 MP) to strengthen your wands.


Message History

The tengu reaver misses you. You block the tengu reaver's attack.
The tengu reaver claws you but does no damage.
A white ugly thing comes into view.
The tengu reaver gestures at you while chanting.
The bolt of lightning misses you.
The walking divine tome erupts in a flurry of living spells!
A white ugly thing comes into view.
The glowing orange brain pulsates.
The living spell casts itself at you. Something smites you!
The walking divine tome erupts in a flurry of living spells!
The living spell casts itself at you. Something smites you!
The living spell casts itself at you. Something smites you!
The spriggan air mage shouts!
The ice dragon breathes frost at you. The blast of cold hits you! You resist.
The living spell casts itself at you. Something smites you!
* * * LOW HITPOINT WARNING * * *
The living spell casts itself at you. Something smites you!
* * * LOW HITPOINT WARNING * * *
The living spell casts itself at you. Something smites you!
* * * LOW HITPOINT WARNING * * *
The white ugly thing gurgles horribly!
You hear an angry buzzing noise.
The walking divine tome erupts in a flurry of living spells!
You feel much better.
You block the purple very ugly thing's attack.
The living spell casts itself at you. Something smites you!
* * * LOW HITPOINT WARNING * * *
The walking divine tome erupts in a flurry of living spells!
The living spell casts itself at you. Something smites you!
* * * LOW HITPOINT WARNING * * *
The living spell casts itself at you. Something smites you!
You die...

..# ..## #.# ...# ...
...# #.# ..^# ... ...#
##.## .#.# ... ...#
##.## ...# ... #.@.#
...# .~~~###u#########
...# ..~~..CDQ....#..#
...# ..~~..u.C..[....##
# ...#
~.....)C;G...i...# #.C
...#
≈~~~....[.*...)..###....
...#
≈≈≈~~~..*.*......#......
...#
≈u≈~~...................
...#
~.u...##.........†......


You could see 3 frost giants, a walking divine tome, 2 very ugly things, an ice
dragon, a tengu reaver, a white ugly thing, a glowing orange brain and 3 living
smiting commandments.

Vanquished Creatures
  the Royal Jelly (Slime:5)
  A dread lich (Depths:1)
  A juggernaut (Depths:3)
  A golden dragon (Depths:3)
  Nikola (Spider:4)
  Jorgrun (Elf:1)
  2 liches
  A tentacled monstrosity (Depths:3)
  2 deep elf blademasters (Elf:3)
  Asterion (Spider:1)
  A walking frostbound tome (Depths:3)
  2 deep elf master archers (Elf:3)
  2 titans
  14 acid blobs
  A sphinx (Depths:3)
  Frances (D:12)
  Gastronok (Lair:3)
  Kirke (D:12)
  4 shadow dragons (Depths:1)
  A thorn hunter (Swamp:4)
  Donald (Spider:4)
  7 azure jellies (Slime:5)
  A tengu reaver (Depths:3)
  8 frost giants
  7 rockslimes
  3 deep elf sorcerers
  7 emperor scorpions
  5 ghost moths
  2 deep elf elementalists (Elf:3)
  4 spectral caustic shrikes (Depths:2)
  3 spriggan defenders
  8 quicksilver oozes (Slime:5)
  5 vampire knights
  12 very ugly things
  5 stone giants
  2 broodmothers
  7 deep elf demonologists (Elf:3)
  4 eleionomae
  6 bunyips
  5 deep elf annihilators
  A minotaur (Gauntlet)
  5 spark wasps
  Snorg (Lair:4)
  2 merfolk javelineers
  8 deep elf death magi
  3 ettins (Depths:1)
  4 fire dragons
  3 entropy weavers
  2 shambling mangroves
  2 deep elf high priests (Elf:3)
  2 rakshasas
  An entropy weaver (shapeshifter) (D:14)
  2 ice dragons
  4 great orbs of eyes (Slime:5)
  A radroach (Spider:2)
  A vault guard (D:14)
  16 hydras
  Erolcha (D:12)
  2 spriggan air magi (Depths:3)
  2 jorogumos (Spider:4)
  2 ghost crabs
  A boulder beetle (Spider:3)
  4 catoblepae
  4 centaur warriors
  3 tengu warriors
  16 dancing weapons
  14 death yaks (Lair:5)
  3 deep troll shamans
  6 two-headed ogres
  3 deep troll earth magi
  2 orc high priests
  5 alligators
  2 spriggan berserkers
  2 soul eaters (Depths:1)
  10 deep elf knights
  A fire crab (shapeshifter) (D:14)
  A shadow wraith (Depths:1)
  A fire crab (Gauntlet)
  15 skeletal warriors
  4 pharaoh ants
  3 skysharks (Lair:5)
  5 iron trolls
  4 goliath frogs
  A spark wasp zombie (Depths:1)
  6 spriggan druids
  A flayed ghost (Depths:1)
  A sun moth (Spider:2)
  10 deep trolls
  7 swamp dragons
  3 glowing orange brains
  7 orb spiders
  8 steelbarb worms
  9 deep elf archers
  23 deep elf zephyrmancers
  5 necromancers
  A golden dragon skeleton (Depths:1)
  An orange crystal statue (Elf:2)
  3 orc knights
  5 bog bodies
  A steelbarb worm (shapeshifter) (Depths:2)
  31 deep elf pyromancers
  2 oklob plants (Lair:5)
  17 wolf spiders
  8 orc sorcerers (Orc:2)
  3 moths of wrath
  4 shining eyes
  4 will-o-the-wisps
  18 ugly things
  2 cyclopes (D:15)
  6 manticores
  5 black mambas
  6 elephants
  A fire giant skeleton (Depths:1)
  7 demonic crawlers
  7 torpor snails
  A guardian serpent (shapeshifter) (D:14)
  8 cane toads
  A molten gargoyle (Lair:1)
  An efreet (D:15)
  3 rime drakes
  Psyche (D:12)
  2 tengu conjurers
  12 komodo dragons
  A queen bee (shapeshifter) (D:15)
  Grinder (D:5)
  9 trolls
  6 meliai
  25 tarantellas
  4 bloated husks (Swamp:3)
  11 tyrant leeches
  12 hornets
  13 blink frogs
  16 culicivoras
  22 jumping spiders
  37 slime creatures
  2 shadows
  4 wraiths
  11 spriggans
  4 air elementals
  A yak (shapeshifter) (D:15)
  A vampire (D:13)
  5 wyverns
  10 basilisks
  12 water elementals
  29 yaks
  A steam dragon (D:9)
  2 hogs (D:12)
  A human (shapeshifter) (Elf:3)
  4 fire bats
  A golden eye (Slime:5)
  3 fire elementals (Elf:3)
  A basilisk (shapeshifter) (D:15)
  38 redbacks
  18 humans (D:14)
  16 vampire mosquitoes
  15 water moccasins
  20 swamp worms
  10 wargs
  Duvessa (D:7)
  2 floating eyes
  A sky beast (D:7)
  14 swamp drakes
  22 orc warriors
  A black bear (D:6)
  5 ogres
  12 centaurs
  A phantom (D:3)
  3 kobold brigands
  A scorpion (D:7)
  11 bullfrogs
  A necrophage (D:4)
  6 earth elementals
  A hornet simulacrum (D:14)
  Dowan (D:7)
  13 killer bees
  3 howler monkeys
  7 electric eels
  4 jellies
  4 hounds
  3 gnoll boudas
  9 orc priests
  36 orc wizards
  7 iguanas
  8 hell rats
  13 gnolls
  13 adders
  2 white imps
  2 ufetubi
  4 worms
  A dart slug (D:4)
  95 orcs
  5 endoplasms
  2 giant cockroaches (D:1)
  10 goblins
  7 hobgoblins
  6 jackals (D:1)
  16 kobolds
  6 quokkas
  5 ball pythons
  2 bats
  5 frilled lizards
  A rat (D:2)
1296 creatures vanquished.

Vanquished Creatures (others)
  A walking crystal tome (Depths:3)
  A hydra (Lair:2)
  A water elemental (Elf:3)
  A human (D:12)
  2 orc wizards (Orc:2)
  10 foxfires
  44 fungi
  65 plants
125 creatures vanquished.

Grand Total: 1421 creatures vanquished

Notes
Turn   | Place    | Note
-------+----------+-------------------------------------------
     0 | D:1      | Monkooky the Demigod Hunter began the quest for the Orb.
     0 | D:1      | Reached XP level 1. HP: 17/17 MP: 3/3
    87 | D:1      | Reached skill level 4 in Ranged Weapons
   145 | D:1      | Reached XP level 2. HP: 24/24 MP: 4/4
   647 | D:2      | Reached XP level 3. HP: 29/29 MP: 5/5
   876 | D:2      | Reached skill level 5 in Ranged Weapons
   978 | D:2      | You fall into a shaft and drop 2 floors!
  1033 | D:4      | Reached XP level 4. HP: 36/36 MP: 6/6
  1049 | D:4      | Noticed a necrophage
  1051 | D:4      | Noticed an ogre
  1063 | D:4      | Killed a necrophage
  1066 | D:4      | Killed an ogre
  1067 | D:4      | Reached skill level 6 in Ranged Weapons
  1067 | D:4      | Reached XP level 5. HP: 37/41 MP: 7/7
  1429 | D:3      | Reached XP level 6. HP: 40/48 MP: 8/8
  1493 | D:3      | Reached skill level 7 in Ranged Weapons
  2307 | D:4      | Identified the +2 long sword of the Uplifting Madman
                  | {protect, rElec rF+ Int+3}
  2583 | D:5      | Entered Level 5 of the Dungeon
  2639 | D:5      | Reached skill level 8 in Ranged Weapons
  2653 | D:5      | Reached XP level 7. HP: 45/53 MP: 9/9
  3117 | D:5      | Noticed Grinder
  3132 | D:5      | Killed Grinder
  3133 | D:5      | Reached skill level 9 in Ranged Weapons
  3632 | D:6      | Found a staircase to the Ecumenical Temple.
  3663 | D:6      | Noticed a gargoyle
  3854 | D:6      | Reached XP level 8. HP: 55/60 MP: 10/10
  4316 | D:6      | Reached skill level 10 in Ranged Weapons
  5520 | D:7      | Noticed a hornet
  5563 | D:7      | Reached skill level 11 in Ranged Weapons
  5823 | D:7      | Noticed Dowan
  5824 | D:7      | Noticed Duvessa
  6342 | D:7      | Killed Duvessa
  6348 | D:7      | Killed Dowan
  6641 | D:8      | Reached XP level 9. HP: 33/67 MP: 11/11
  6655 | D:8      | Noticed a two-headed ogre
  6793 | D:8      | Reached skill level 12 in Ranged Weapons
  7448 | D:8      | Killed a two-headed ogre
  7449 | D:8      | Reached skill level 13 in Ranged Weapons
  8245 | D:9      | Noticed a two-headed ogre
  8287 | D:9      | Killed a two-headed ogre
  8288 | D:9      | Reached skill level 14 in Ranged Weapons
  8508 | D:9      | Reached XP level 10. HP: 73/73 MP: 13/13
  9845 | D:9      | Found a staircase to the Lair.
  9942 | Lair:1   | Entered Level 1 of the Lair of Beasts
 10045 | Lair:1   | Reached skill level 5 in Fighting
 10045 | Lair:1   | Reached skill level 5 in Dodging
 10937 | Lair:2   | Noticed a five-headed hydra
 10941 | Lair:2   | Noticed a catoblepas
 10948 | Lair:2   | Killed a five-headed hydra
 10949 | Lair:2   | Reached XP level 11. HP: 49/91 MP: 14/14
 11676 | Lair:2   | Found a hole to the Spider Nest.
 11742 | Lair:2   | Killed a catoblepas
 12225 | Lair:3   | Reached skill level 15 in Ranged Weapons
 12245 | Lair:3   | Noticed Gastronok
 12276 | Lair:3   | Killed Gastronok
 12448 | Lair:3   | Found a staircase to the Swamp.
 13175 | Lair:3   | Reached skill level 16 in Ranged Weapons
 13277 | Lair:4   | Noticed Snorg
 13282 | Lair:4   | Killed Snorg
 13283 | Lair:4   | Reached XP level 12. HP: 100/100 MP: 15/15
 13290 | Lair:4   | Noticed a six-headed hydra
 13293 | Lair:4   | Killed a six-headed hydra
 13417 | Lair:4   | Noticed a seven-headed hydra
 13419 | Lair:4   | Killed a seven-headed hydra
 13747 | Lair:4   | Identified the ring of Liluott {Fire *Corrode Will+ Int+2
                  | Slay+3}
 14059 | Lair:5   | Entered Level 5 of the Lair of Beasts
 14072 | Lair:5   | Reached skill level 17 in Ranged Weapons
 14465 | Lair:5   | Found a staircase to the Slime Pits.
 14583 | Lair:5   | Reached skill level 18 in Ranged Weapons
 14906 | Lair:5   | Reached XP level 13. HP: 105/105 MP: 16/16
 15166 | Lair:5   | Identified the +10 shortbow of Ashenzari, Protecting
                  | {drain, +Blink Dex+7}
 16088 | D:10     | Entered Level 10 of the Dungeon
 17542 | D:11     | Found a staircase to the Orcish Mines.
 17709 | D:12     | Noticed Kirke
 17723 | D:12     | Killed Kirke
 17971 | D:12     | Noticed Frances
 17981 | D:12     | Killed Frances
 17982 | D:12     | Reached skill level 1 in Transmutations
 18031 | D:12     | Noticed Psyche
 18034 | D:12     | Killed Psyche
 18157 | D:12     | Noticed Erolcha
 18161 | D:12     | Killed Erolcha
 18170 | D:12     | Learned a level 5 spell: Yara's Violent Unravelling
 18173 | D:12     | Learned a level 2 spell: Wereblood
 18176 | D:12     | Learned a level 2 spell: Passwall
 18455 | Orc:1    | Entered Level 1 of the Orcish Mines
 18717 | Orc:2    | Entered Level 2 of the Orcish Mines
 18758 | Orc:2    | Reached XP level 14. HP: 118/118 MP: 17/17
 18783 | Orc:2    | Reached skill level 5 in Transmutations
 18790 | Orc:2    | Found a staircase to the Elven Halls.
 18862 | Orc:2    | Paralysed by an orc sorcerer for 3 turns
 18869 | Orc:2    | Reached skill level 1 in Earth Magic
 18870 | Orc:2    | Paralysed by an orc sorcerer for 2 turns
 18923 | Orc:2    | Found a gate leading to a gauntlet.
 18932 | Gauntlet | Entered a Gauntlet
 18932 | Gauntlet | Found a transporter.
 18932 | Gauntlet | Found a transporter.
 18936 | Gauntlet | Found a transporter.
 18936 | Gauntlet | Found a transporter.
 18949 | Gauntlet | Found a large runed translucent door.
 18968 | Gauntlet | Found a transporter.
 18968 | Gauntlet | Found a transporter.
 18969 | Gauntlet | Found a transporter.
 18972 | Gauntlet | Found a transporter.
 18999 | Gauntlet | Found a transporter.
 19006 | Gauntlet | Found a transporter.
 19030 | Gauntlet | Found a transporter.
 19057 | Gauntlet | Found a transporter.
 19067 | Gauntlet | Found a transporter.
 19069 | Gauntlet | Found a large runed translucent door.
 19069 | Gauntlet | Found a large runed translucent door.
 19070 | Gauntlet | Found a large runed translucent door.
 19070 | Gauntlet | Found a large runed translucent door.
 19071 | Gauntlet | Found a large runed translucent door.
 19071 | Gauntlet | Found a runed translucent door.
 19071 | Gauntlet | Found a runed translucent door.
 19071 | Gauntlet | Found a large runed translucent door.
 19071 | Gauntlet | Found a large runed translucent door.
 19072 | Gauntlet | Found a large runed translucent door.
 19072 | Gauntlet | Found a large runed translucent door.
 19075 | Gauntlet | Found a large runed translucent door.
 19075 | Gauntlet | Found a large runed translucent door.
 19077 | Gauntlet | Found a large runed translucent door.
 19077 | Gauntlet | Found a large runed translucent door.
 19077 | Gauntlet | Found a large runed translucent door.
 19079 | Gauntlet | Found a runed translucent gate.
 19079 | Gauntlet | Found a runed translucent gate.
 19079 | Gauntlet | Found a runed translucent gate.
 19081 | Gauntlet | Found a transporter.
 19092 | Gauntlet | Found a large runed translucent door.
 19181 | Gauntlet | Found a transporter.
 19195 | Gauntlet | Found a transporter.
 19324 | Gauntlet | Reached skill level 1 in Evocations
 19437 | Gauntlet | Identified the +1 pair of gloves of Waci Lua {rF++}
 19613 | Orc:2    | Paralysed by an orc sorcerer for 3 turns
 19637 | Orc:2    | Found Baleon's Assorted Antiques.
 19637 | Orc:2    | Found Izewe's Antique Weapon Boutique.
 19731 | Orc:2    | Reached skill level 5 in Evocations
 19786 | Orc:2    | Found Pounk's Jewellery Boutique.
 19786 | Orc:2    | Found Wievusur's Book Emporium.
 20407 | D:13     | Identified the +4 ring mail of Ligywnua {rF- rN+++ Dex+3}
 20813 | D:13     | Found a runed translucent gate.
 20813 | D:13     | Found a runed translucent gate.
 20813 | D:13     | Found a runed translucent gate.
 20854 | D:13     | Noticed juan097's ghost (adept GnFi)
 21729 | D:14     | Found a gate to the Vaults.
 21729 | D:14     | Found the +2 shield of Resistance {rF++ rC++ Will++}
 21820 | D:14     | Identified a scroll of acquirement
 21821 | D:14     | Acquired a manual of Armour
 21941 | D:14     | Reached skill level 1 in Armour
 22552 | Elf:1    | Entered Level 1 of the Elven Halls
 22562 | Elf:1    | Reached skill level 5 in Armour
 22631 | Elf:1    | Found Biorexan's Weapon Shoppe.
 22692 | Elf:1    | Noticed Jorgrun
 22693 | Elf:1    | Reached XP level 15. HP: 111/124 MP: 18/18
 22700 | Elf:1    | Killed Jorgrun
 22776 | Elf:1    | Got Asmodeus's Vellum of Energy
 22858 | Elf:1    | Reached skill level 10 in Armour
 23154 | Elf:1    | Found a portal to a secret trove of treasure.
 23479 | Elf:2    | Found a flickering gateway to a bazaar.
 23531 | Bazaar   | Entered a bazaar
 23531 | Bazaar   | Found Atot's Weapon Shoppe.
 23531 | Bazaar   | Found Hiefegeff's Jewellery Shoppe.
 23531 | Bazaar   | Found Xeza's Weapon Shop.
 23533 | Bazaar   | Found Natonn's Weapon Shop.
 23533 | Bazaar   | Found Sobro's Weapon Emporium.
 23577 | Bazaar   | Bought a +0 heavy hand crossbow for 91 gold pieces
 23909 | D:15     | Entered Level 15 of the Dungeon
 24007 | D:15     | Reached skill level 1 in Shields
 24347 | D:15     | Identified the +1 ring mail of Myozxe Hukit {Str+3 Dex+3}
 24367 | D:15     | Identified the +1 pair of gloves "Put-Me-On" {Dex+4}
 24616 | D:15     | Reached skill level 5 in Shields
 24758 | D:15     | Found a staircase to the Depths.
 25068 | Swamp:1  | Entered Level 1 of the Swamp
 26063 | Swamp:2  | Reached XP level 16. HP: 83/132 MP: 19/19
 26310 | Swamp:3  | Reached skill level 10 in Shields
 26708 | Swamp:4  | Entered Level 4 of the Swamp
 27396 | Swamp:4  | Got a decaying rune of Zot
 27900 | Spider:1 | Entered Level 1 of the Spider Nest
 27983 | Spider:1 | Noticed Asterion
 27987 | Spider:1 | Noticed an Executioner
 27996 | Spider:1 | Killed Asterion
 28332 | Orc:2    | Bought the amulet "Eryganom" {*Slow rPois Regen+ SInv} for
                  | 437 gold pieces
 28798 | Spider:1 | Reached skill level 10 in Dodging
 29550 | Elf:2    | Paralysed by an air elemental for 1 turns
 29624 | Elf:2    | Found Zyirig's One-of-a-Kind Books.
 29630 | Elf:2    | Paralysed by an air elemental for 1 turns
 29768 | Elf:2    | Reached XP level 17. HP: 138/138 MP: 20/20
 29784 | Elf:2    | Found a runed translucent gate.
 29785 | Elf:2    | Found a runed translucent gate.
 29785 | Elf:2    | Found a runed translucent gate.
 30134 | Elf:3    | Entered Level 3 of the Elven Halls
 30271 | Elf:3    | Noticed a deep elf blademaster
 30278 | Elf:3    | Killed a deep elf blademaster
 30306 | Elf:3    | Reached skill level 10 in Fighting
 30441 | Elf:3    | Learned a level 5 spell: Irradiate
 30885 | Elf:3    | Identified the +4 long sword "Beetlebane" {venom, Int+6}
 30890 | Elf:3    | Identified the +4 ring mail "Buaq" {rF+}
 30890 | Elf:3    | Identified the ring of Law {EV+5 Dex+2}
 30963 | Elf:3    | Noticed a deep elf blademaster
 30975 | Elf:3    | Killed a deep elf blademaster
 30986 | Elf:3    | Reached skill level 1 in Conjurations
 30986 | Elf:3    | Reached skill level 1 in Hexes
 30996 | Elf:3    | Reached skill level 1 in Spellcasting
 31022 | Elf:3    | Identified the +7 whip "Embalmer" {speed, rElec rPois
                  | Int+2}
 31028 | Elf:3    | Identified the amulet of Leytwesius {Reflect Str+6 SH+5}
 31156 | Elf:3    | Identified the +1 ring mail of Defiance {rF- Int+7 Slay+3}
 31251 | Elf:3    | Learned a level 1 spell: Apportation
 31314 | Elf:2    | Bought More Thaumaturgy for 270 gold pieces
 31317 | Elf:2    | Learned a level 2 spell: Blink
 32259 | Spider:2 | Identified the +10 dagger of a ziggurat {heavy, *Rage Str+3
                  | Int+3}
 32645 | Spider:3 | Reached skill level 10 in Transmutations
 33456 | Spider:4 | Entered Level 4 of the Spider Nest
 33636 | Spider:4 | Noticed Donald
 33645 | Spider:4 | Reached XP level 18. HP: 140/151 MP: 24/24
 33652 | Spider:4 | Killed Donald
 33668 | Spider:4 | Noticed Nikola
 33677 | Spider:4 | Killed Nikola
 34634 | Spider:4 | Got a gossamer rune of Zot
 34928 | Slime:1  | Entered Level 1 of the Pits of Slime
 35082 | Slime:2  | Gained mutation: You sometimes lose your temper in combat.
                  | [a shining eye]
 35107 | Slime:3  | Gained mutation: You are weak. (Str -2) [a shining eye]
 35108 | Slime:3  | Reached skill level 5 in Hexes
 35158 | Slime:5  | Entered Level 5 of the Pits of Slime
 35291 | Slime:5  | Reached skill level 1 in Stealth
 35328 | Slime:5  | Noticed the Royal Jelly
 35358 | Slime:5  | HP: 7/151 [acid blob/splash of acid (22)]
 35372 | Slime:5  | Killed the Royal Jelly
 35425 | Slime:5  | Reached skill level 5 in Stealth
 35548 | Slime:5  | Got a slimy rune of Zot
 35583 | Slime:5  | Identified the +2 falchion "Fafuuz" {flame, rPois Will+
                  | Dex+3}
 35647 | Slime:5  | Identified the +8 trident "Kaegol" {pain, SInv Stlth+}
 35659 | Slime:5  | Identified the ring "Jokeur" {*Slow rF+++ rN+++ Dex+6}
 36154 | Depths:1 | Entered Level 1 of the Depths
 36228 | Depths:1 | Noticed a dread lich
 36233 | Depths:1 | HP: 3/144 [necromancer/bolt of negative energy (30)]
 36476 | Depths:1 | Lost mutation: You are weak. (Str -2) [potion of mutation]
 36476 | Depths:1 | Lost mutation: You sometimes lose your temper in combat.
                  | [potion of mutation]
 36476 | Depths:1 | Gained mutation: You expend magic power (3 MP) to
                  | strengthen your wands. [potion of mutation]
 36575 | Depths:1 | Noticed a Brimstone Fiend
 36585 | Depths:1 | Killed a dread lich
 36842 | Depths:1 | Reached XP level 19. HP: 107/165 MP: 0/25
 36973 | Depths:1 | Found a gateway to Hell.
 37279 | Depths:1 | Found Teocuukk's Armour Shoppe.
 37281 | Depths:1 | Found Meativ's Distillery.
 37281 | Depths:1 | Found Buism's Antique Weapon Emporium.
 37286 | Depths:1 | Found Zybud's Distillery.
 37289 | Depths:1 | Bought a potion of attraction for 63 gold pieces
 37411 | Depths:1 | Reached skill level 15 in Fighting
 37452 | Depths:1 | Found a one-way gateway to a ziggurat.
 37753 | Depths:1 | Identified the +6 chain mail of Thoughtfulness {Str+6}
 37924 | Depths:2 | Found a one-way gate leading to the halls of Pandemonium.
 38587 | Depths:2 | Found a transporter.
 38599 | Depths:2 | Found a transporter.
 38857 | Depths:3 | Found a one-way gate to the infinite horrors of the Abyss.
 38865 | Depths:3 | Noticed a golden dragon
 38905 | Depths:3 | Reached skill level 5 in Conjurations
 38910 | Depths:3 | Killed a golden dragon
 38910 | Depths:3 | Noticed a juggernaut
 38916 | Depths:3 | Killed a juggernaut
 39158 | Depths:3 | Reached skill level 5 in Spellcasting
 39447 | Depths:3 | Killed from afar by a living spell

Illustrated notes

Levels and vault maps discovered:
D:1:      lemuel_arrival_rhombus, layout_loops_ring
D:2:      layout_basic, basic_altar, serial_curves, eino_curves_02,
          eino_curves_01
D:3:      layout_rooms, chequers_ecumenical_altar_simple,
          amcnicky_mini_pool_small
D:4:      layout_basic
D:5:      lemuel_ice_spiral_2, layout_basic, patterned_corridor, uniq_grinder
D:6:      layout_loops_ring, chequers_temple_overflow_statue_of_worship,
          minmay_temple_entry_statues_fountains
D:7:      layout_loops_corners, uniq_duvessa
D:8:      layout_rooms
D:9:      layout_irregular_city, erik_lair_dragon, serial_bayou,
          serial_bayou_crossing, serial_bayou_ford_a, serial_bayou_pond_c,
          serial_bayou_shore_b
D:10:     layout_loops_cross
D:11:     layout_loops_corners, hiddenorc1_lemuel
D:12:     layout_roguey, uniq_kirke, uniq_erolcha, uniq_psyche, uniq_frances
D:13:     layout_basic, gammafunk_ghost_icy, zin_academy
D:14:     layout_grid_maze, grunt_vaults_entry_tiered, lemuel_blue_sif_altar
D:15:     gammafunk_enter_depths_forms, layout_loops_ring,
          ashenzari_conservatory_becter
Lair:1:   layout_gridlike, grunt_megastairs_2, serial_bayou_shore_b,
          serial_bayou_shore_a
Lair:2:   layout_small_grid, spider_nest_entry_funnel_web
Lair:3:   layout_roguey, minmay_swamp_entry_worms, uniq_gastronok
Lair:4:   layout_roguey, lemuel_fruit_tree, uniq_snorg
Lair:5:   evilmike_catoblepas_cave, layout_loops_ring,
          minmay_slime_entry_oklob_enclosed, infiniplex_staircase_pool_2,
          grunt_megastairs_4
Swamp:1:  layout_basic_swamp, nicolae_swamp_some_circles
Swamp:2:  layout_basic_swamp, evilmike_swamp_ruin_rubble_2, swamp_pool2,
          nicolae_swamp_well_well_well
Swamp:3:  layout_basic_swamp, evilmike_swamp_ruin_house_5, swamp_pool3,
          nicolae_swamp_spriggan_camp, infiniplex_staircase_pool
Swamp:4:  swamp_basic_johnstein, layout_basic_swamp
Spider:1: layout_spider_delve, uniq_asterion
Spider:2: layout_spider_delve
Spider:3: layout_spider_delve, nicolae_spider_scorpion_nest
Spider:4: grunt_spider_rune_parallel, uniq_nikola, uniq_donald
Slime:1:  layout_caves, basic_altar
Slime:2:  layout_caves
Slime:3:  layout_caves
Slime:4:  layout_caves
Slime:5
Orc:1:    layout_caves
Orc:2:    st_orc_town, layout_caves, gauntlet_entry_generic
Elf:1:    layout_gridlike, serial_shops, shop_coins, trove_entry_hex_spiral,
          minmay_elf_annihilation, hangedman_elf_simple_split, feat_on_display,
          uniq_jorgrun
Elf:2:    nicolae_elf_blades_splatter_lattice
          [nicolae_blade_entry_area_security], layout_geoelf_diagonals,
          serial_shops, bzr_entry_water, basic_altar, nicolae_rare_books,
          minivault_15
Elf:3:    grunt_elf_hall_asides, layout_geoelf_grid, onia_ninara_cookie
Depths:1: layout_roguey [special_room_morgue], enter_ziggurat_a,
          nemelex_lonely_heart_becter, hell_entry,
          minmay_misc_feat_four_crosses, lemuel_flamethrower_2, minmay_shoptagon
Depths:2: emtedronai_trogs_sanctum, layout_cave_pools,
          chequers_serial_rivers_marsh, pan_entry, pf_hell_entry_tar_river,
          chequers_serial_rivers_small_b, nicolae_ru_the_path_less_chosen
Depths:3: minmay_broken_ring, layout_cave_pools, abyss_entry,
          minmay_misc_feat_hallway, hell_entry

Skill      XL: |  1  2  3  4  5  6  7  8  9 10 11 12 13 14 15 16 17 18 19 |
---------------+----------------------------------------------------------+-----
Ranged Weapons | 4 5 6 8 9 11 14 16 18 | 18.9
Fighting       | 6 7 9 11 13 15 | 15.8
Dodging        | 6 7 9 11 | 11.6
Transmutations | 4 5 12 14 | 14.5
Earth Magic    | 1 |  1.9
Evocations     | 9 |  9.3
Armour         | 7 11 | 11.7
Shields        | 9 13 14 | 14.0
Conjurations   | 1 7 |  7.0
Hexes          | 1 6 |  6.5
Spellcasting   | 1 5 |  5.4
Stealth        | 7 |  7.0

Action                     |  1- 3 |  4- 6 |  7- 9 | 10-12 | 13-15 | 16-18 | 19-21 || total
---------------------------+-------+-------+-------+-------+-------+-------+-------++-------
   Fire: Shortbow          |   110 |   155 |   441 |   249 |   889 |       |       ||  1844
         Longbow           |       |       |       |   245 |    24 |       |       ||   269
         Hand crossbow     |       |       |       |       |   196 |  1295 |   409 ||  1900
  Throw: Dart              |       |       |       |       |     1 |       |       ||     1
   Cast: Yara's Violent Un |       |       |       |       |       |     6 |     5 ||    11
         Wereblood         |       |       |       |       |       |     4 |       ||     4
         Irradiate         |       |       |       |       |       |       |     2 ||     2
  Evoke: Wand              |       |       |     5 |     4 |     4 |     6 |     2 ||    21
         Condenser vane    |       |       |       |       |     3 |     7 |     1 ||    11
         Lightning rod     |       |       |       |       |       |    12 |       ||    12
    Use: Scroll            |       |       |     9 |    17 |    22 |    21 |     3 ||    72
         Potion            |       |       |     7 |     1 |       |    12 |     1 ||    21
 Armour: Leather armour    |     6 |       |       |       |       |       |       ||     6
         Ring mail         |     4 |    16 |    41 |    55 |     9 |       |       ||   125
         Troll leather arm |       |       |       |       |    88 |   114 |       ||   202
         Swamp dragon scal |       |       |       |       |       |    83 |    50 ||   133
  Dodge: Dodged            |    33 |    49 |   243 |   212 |   445 |   793 |   157 ||  1932
  Block: Other             |       |       |       |    29 |    74 |       |       ||   103
         Reflection        |       |       |       |     1 |    14 |    34 |    12 ||    61
         Kite shield       |       |       |       |       |   174 |  1142 |   234 ||  1550

Table legend: (Time is in decaauts)
 A = Elapsed time spent in this place.
 B = Non-inter-level travel time spent in this place.
 C = Inter-level travel time spent in this place.
 D = Time resting spent in this place.
 E = Time spent auto-exploring this place.
 F = Levels seen in this place.
 G = Mean time per level.
                   A        B        C        D        E       F      G
               +--------+--------+--------+--------+--------+-----+--------+
         Total |  40054 |  35086 |   4968 |   2709 |  24519 |  43 |  931.5 |
       Dungeon |  16932 |  14529 |   2403 |   1262 |  10705 |  15 | 1128.8 |
          Lair |   7202 |   5884 |   1318 |    366 |   4565 |   5 | 1440.4 |
         Swamp |   3017 |   2803 |    214 |    352 |   1735 |   4 |  754.2 |
   Spider Nest |   3435 |   3217 |    218 |    134 |   2362 |   4 |  858.8 |
    Slime Pits |    844 |    765 |     79 |    171 |    130 |   5 |  168.8 |
  Orcish Mines |   1317 |   1041 |    276 |      4 |    707 |   2 |  658.5 |
   Elven Halls |   3242 |   2903 |    339 |     97 |   2037 |   3 | 1080.7 |
        Depths |   3397 |   3280 |    117 |    303 |   1966 |   3 | 1132.3 |
        Bazaar |     69 |     69 |      0 |      0 |     34 |   1 |   69.0 |
      Gauntlet |    594 |    594 |      0 |     19 |    275 |   1 |  594.0 |
               +--------+--------+--------+--------+--------+-----+--------+

Top non-repeatable levels by time:
     D:9: 2160 daAuts
  Lair:2: 1949 daAuts
  Lair:5: 1923 daAuts
     D:7: 1864 daAuts
    D:11: 1863 daAuts
Depths:1: 1658 daAuts
     D:6: 1629 daAuts
  Lair:3: 1426 daAuts
   Elf:3: 1341 daAuts
Spider:4: 1314 daAuts
Depths:2: 1121 daAuts
    D:13: 1104 daAuts
 Swamp:4: 1102 daAuts
     D:8: 1093 daAuts
    D:14: 1060 daAuts
